 Dungeon Crawl Stone Soup version 0.19-a0-749-g66ae36b (webtiles) character file.

141 packetloss the Poker (level 5, -1/41 HPs)
             Began as a Merfolk Skald on June 24, 2016.
             Killed from afar by Natasha (5 damage)
             ... with a magic dart
             ... on level 2 of the Dungeon.
             The game lasted 00:14:15 (3268 turns).

packetloss the Poker (Merfolk Skald)                Turns: 3268, Time: 00:14:17

Health: -1/41      AC:  3    Str: 12    XL:     5   Next: 24%
Magic:  8/8        EV: 12    Int: 13    God:
Gold:   120        SH:  0    Dex: 13    Spells: 4 memorised, 0 levels left

rFire  . . .     SeeInvis .     V - +0 halberd
rCold  . . .     Gourm    .     b - +0 leather armour
rNeg   + . .     Faith    .     (shield currently unavailable)
rPois  .         Spirit   .     (no helmet)
rElec  .         Dismiss  .     (no cloak)
rCorr  .         Reflect  .     (no gloves)
SustAt .         Harm     .     (no boots)
MR     .....                    (no amulet)
Stlth  ++........               p - ring of stealth
                                k - ring of positive energy

@: flying, very slightly contaminated, slowed, very slow, not resistant to
hostile enchantments, unstealthy
A: change form in water, swift swim
a: no special abilities


You were on level 2 of the Dungeon.
You were not hungry.

You visited 1 branch of the dungeon, and saw 3 of its levels.

You collected 120 gold pieces.

Inventory:

Hand Weapons
 n - a +0 spear
 V - a +0 halberd (weapon)
Armour
 b - a +0 leather armour (worn)
 f - a +0 helmet
Jewellery
 k - a ring of positive energy (left hand)
 p - a ring of stealth (right hand)
Wands
 r - a wand of random effects (29/48)
Scrolls
 a - 2 scrolls of remove curse {unknown}
 e - 5 scrolls of identify {unknown}
 l - a scroll of blinking {unknown}
 m - a scroll of enchant armour {unknown}
Potions
 h - a potion of brilliance {unknown}
 o - a potion of degeneration {unknown}
Books
 c - a book of Battle

   Spells                             Type                      Level
   a - Infusion                       Charms                       1
   b - Shroud of Golubria             Charms/Translocation         2
   c - Song of Slaying                Charms                       2
   d - Spectral Weapon                Hexes/Charms                 3
   e - Regeneration                   Charms/Necromancy            3
Comestibles
 d - 2 bread rations {@e1}
 i - a beef jerky
 j - 3 fruits
 q - 2 chunks of flesh


   Skills:
 + Level 3.4 Fighting
 + Level 5.4 Polearms
 - Level 0.6 Armour
 + Level 2.9 Dodging
 + Level 2.1 Spellcasting
 + Level 3.6 Charms


You couldn't memorise any spells.
You knew the following spells:

 Your Spells              Type           Power        Failure   Level  Hunger
a - Infusion              Chrm           ##..         10%         1    ##.....
b - Song of Slaying       Chrm           ##......     12%         2    ###....
c - Shroud of Golubria    Chrm/Tloc      #.........   28%         2    ###....
d - Spectral Weapon       Hex/Chrm       #.......     54%         3    ####...


Dungeon Overview and Level Annotations

Branches:
Dungeon (3/15)

Altars:

Annotations:
D:2 Natasha
D:3 exclusion: Terence, Terence; WITCHCRAFT's ghost, amateur DrIE


Message History

The magic dart hits you! Natasha barely misses you.
You closely miss Natasha.
Natasha is moderately wounded.
Natasha misses you. Natasha claws you!
* * * LOW HITPOINT WARNING * * *
Natasha casts a spell.
Magic restored.
Natasha casts a spell.
The crimson imp blinks!
Natasha claws you!
* * * LOW HITPOINT WARNING * * *
You climb upwards.
There is a stone staircase leading down here.
Unknown command.
It was a potion of flight.
You feel very buoyant.
You fly up into the air.
Natasha casts a spell.
Natasha stares at you and mumbles some strange words.
The magic dart hits you!
You die...

##.#.#####.########
...<...............
...........########
.#...####..#
.#...####..#
.#.........#
.#..#####..########
........5@.....[...
#.......h..########
#)#............#
#)#............#
#w#............#
#.##...........#
........##.#####
..########.########


You could see Natasha and a crimson imp.

Vanquished Creatures
  Ijyb (D:3)
  Robin (D:2)
  A gnoll (D:1)
  An adder (D:3)
  3 worms (D:2)
  A dart slug (D:1)
  3 giant geckos
  3 orcs
  5 bats
  4 giant cockroaches
  8 hobgoblins
  4 jackals (D:1)
  6 kobolds
  4 ball pythons
  4 giant newts
  14 goblins
  8 rats
71 creatures vanquished.

Notes
Turn   | Place    | Note
--------------------------------------------------------------
     0 | D:1      | packetloss the Merfolk Skald began the quest for the Orb.
     0 | D:1      | Reached XP level 1. HP: 16/16 MP: 3/3
   105 | D:1      | Reached XP level 2. HP: 17/23 MP: 5/5
   411 | D:1      | Reached skill level 4 in Polearms
   588 | D:1      | Reached XP level 3. HP: 12/28 MP: 2/6
  1315 | D:2      | Learned a level 2 spell: Song of Slaying
  1736 | D:2      | Reached skill level 5 in Polearms
  1769 | D:2      | Reached XP level 4. HP: 28/34 MP: 7/7
  1788 | D:2      | Learned a level 2 spell: Shroud of Golubria
  2255 | D:2      | Noticed Robin
  2412 | D:2      | Killed Robin
  2588 | D:3      | Noticed Ijyb
  2597 | D:3      | Killed Ijyb
  2597 | D:3      | Reached XP level 5. HP: 41/41 MP: 4/8
  2598 | D:3      | Noticed Natasha
  2687 | D:3      | Noticed Terence
  2693 | D:3      | Learned a level 3 spell: Spectral Weapon
  2715 | D:3      | Noticed WITCHCRAFT's ghost (amateur DrIE)
  3268 | D:2      | Killed from afar by Natasha

Vault maps used:
D:1:      dpeg_arrival_another_circle, minmay_misc_feat_secret_circle
D:2:      first_bread, uniq_robin
D:3:      fedhas_altar_2, uniq_natasha, uniq_terence, uniq_iyjb

Skill      XL: |  1  2  3  4 |
---------------+-------------+-----
Dodging        | 2 |  2.9
Polearms       | 4 5 |  5.4
Fighting       | 3 |  3.4
Armour         | |  0.6
Spellcasting   | |  2.1
Charms         | |  3.6

Action                   |  1- 3 |  4- 6 || total
-------------------------+-------+-------++-------
Melee: Spear             |   132 |       ||   132
       Halberd           |    28 |   146 ||   174
 Cast: Infusion          |     5 |     5 ||    10
  Use: Potion            |     1 |     1 ||     2
 Stab: Sleeping          |     3 |     4 ||     7
  Eat: Chunk             |     3 |     5 ||     8
Armor: Leather armour    |    23 |    28 ||    51
Dodge: Dodged            |   102 |    76 ||   178
